 Dungeon Crawl Stone Soup version 0.30-a0-176-gdd20fb75b6 (webtiles) character file.

Game seed: 13378764486422313389

1992 RepoMan the Spear-Bearer (level 9, -6/66 HPs)
             Began as a Mummy Gladiator on Oct 2, 2022.
             Was a Believer of Fedhas.
             Killed from afar by a steam dragon (19 damage)
             ... with a ball of steam
             ... on level 8 of the Dungeon.
             The game lasted 00:27:51 (5645 turns).

RepoMan the Spear-Bearer (Mummy Gladiator)          Turns: 5645, Time: 00:27:52

Health: -6/66      AC:  9    Str: 21    XL:     9   Next: 1%
Magic:  9/9        EV: 11    Int:  8    God:    Fedhas [**....]
Gold:   349        SH:  0    Dex: 13    Spells: 8/8 levels left

rFire   x . .      SeeInvis .    a - +0 trident
rCold   + . .      Faith    +    k - orb {light}
rNeg    + + +      Spirit   .    f - +0 ring mail
rPois   ∞          Reflect  .    c - +0 helmet
rElec   .          Harm     .    h - +0 cloak
rCorr   .          Rampage  .    o - +0 pair of gloves
Will    +....                    v - +0 pair of boots
Stlth   +.........               i - amulet of the acrobat
HPRegen 0.31/turn                (no ring)
MPRegen 0.11/turn                (no ring)

@: glowing
A: cold resistance 1, negative energy resistance 3, torment resistance 2, heat
vulnerability 1, in touch with death 1, no potions, faith
a: Renounce Religion, Wall of Briars


You were on level 8 of the Dungeon.
You worshipped Fedhas.
Fedhas was pleased with you.
You visited 2 branches of the dungeon, and saw 9 of its levels.
You also visited: Sewer.

You collected 349 gold pieces.

Inventory:

Hand Weapons
 a - a +0 trident (weapon)
 e - a +2 hand axe of electrocution
Missiles
 d - a throwing net
 g - 11 stones (quivered)
 t - 11 atropa-tipped darts
 u - a javelin
Armour
 c - a +0 helmet (worn)
 f - a +0 ring mail (worn)
 h - a +0 cloak (worn)
 k - an orb of light (worn)
 o - a +0 pair of gloves (worn)
 v - a +0 pair of boots (worn)
Magical Staves
 x - a staff of fire
Jewellery
 i - an amulet of the acrobat (around neck)
 l - an amulet of guardian spirit
Wands
 w - a wand of polymorph (10)
 z - a wand of roots (6)
Scrolls
 b - 5 scrolls of teleportation
 j - a scroll of noise
 n - 2 scrolls of fear
 p - a scroll of amnesia
 q - a scroll of enchant weapon
 r - 2 scrolls of vulnerability
 s - a scroll of brand weapon {unknown}
 y - a scroll of butterflies {unknown}
 A - a scroll of immolation {unknown}


   Skills:
 + Level 4.7 Fighting
 * Level 9.5 Polearms
 - Level 1.5 Throwing
 - Level 2.4 Dodging


You had 8 spell levels left.
You didn't know any spells.
Your spell library contained the following spells:

 Spells                   Type           Power      Damage    Failure   Level
 Anguish                  Hex/Necr       0%         N/A       100%        4
 Enfeeble                 Hex            0%         N/A       100%        7


Dungeon Overview and Level Annotations

Branches:
Dungeon (8/15)             Temple (1/1) D:5           Sewer (visited)
   Lair: D:8-11

Altars:
Fedhas
Kikubaaqudgha
Okawaru
Trog
Xom

Annotations:
D:2 1 runed translucent door, Crazy Yiuf
D:6 Eels
D:7 1 runed translucent door, flt's ghost, novice DgTm


Innate Abilities, Weirdness & Mutations

You are immune to poison.
Your flesh is cold resistant. (rC+)
You are immune to negative energy. (rN+++)
You are immune to unholy pain and torment.
You are vulnerable to heat. (rF-)
You are in touch with the powers of death.
You do not drink.
You have a special connection with the divine. (Faith)


Message History

You reach to attack!
You hit the steam dragon but do no damage.
The steam dragon is severely wounded.
The steam dragon breathes steam at you. The ball of steam hits you!!
The steam scalds you terribly!
The steam dragon struggles against the net.
The net rips apart, and the steam dragon comes free!
You are too injured to fight recklessly!
Throw: 13 stones
Press: ? - help, Q - select action, (/) - cycle Shift-Dir - straight line, f/p - steam dragon
Aim: a steam dragon (severely wounded, haloed, 78% to hit)
You throw a stone.
The stone barely misses the steam dragon.
You are engulfed in a cloud of scalding steam.
* * * LOW HITPOINT WARNING * * *
An orc comes into view. It is wielding a +0 club.
Unknown command.
Throw: 12 stones
Press: ? - help, Q - select action, (/) - cycle Shift-Dir - straight line, f/p - steam dragon
Aim: a steam dragon (severely wounded, haloed, 78% to hit)
You throw a stone.
The stone hits the steam dragon but does no damage.
The steam dragon is severely wounded.
You are engulfed in a cloud of scalding steam.
The steam dragon breathes steam at you. The ball of steam hits you.
The steam scalds you terribly!
* * * LOW HITPOINT WARNING * * *
Unknown command.
Unknown command.
Okay, then.
Unknown command.
As you read the scroll of fear, it crumbles to dust.
You assume a fearsome visage.
The orc looks frightened!
The steam dragon looks frightened!
You are engulfed in a cloud of scalding steam.
* * * LOW HITPOINT WARNING * * *
The steam dragon breathes steam at you. The ball of steam hits you!!
The steam scalds you terribly!
You die...
Fedhas appreciates your contribution to the ecosystem.

**,,,****,,,,,,,,,**,,...,,,
*,,,,,,***,,,,,,,*****#.#***
*,**,*,* **,,,,,** #.#
*,**,*,* **,>,** #.# *,**,*,*
*#+#* #.# *,*,,*,##* #.#
#.#### **,*.##,#.#* #.#
#<...# *,,,.o...#.###§######
####.# *,,,,,,,#.D§@§.§....#
#.# *,,,.......#§§.§.##.# #.#
*,,,......###...###.#######.#
*,,,$...##* ##.## #.........#
*,,,...,* #.# ###########
*,,,..,,* #.#** ***,#****
#.$,* ***,,********#.#,*****
*,,,,,,,,,,,,,,,,....*


You could see a steam dragon (fleeing, catching breath) and an orc (fleeing).

Vanquished Creatures
  2 yaks
  A water moccasin (D:7)
  A black bear (D:6)
  A sky beast (D:6)
  2 ogres
  A kobold brigand (Sewer)
  4 phantoms
  A necrophage (D:7)
  A scorpion (D:7)
  4 wights (D:4)
  5 howler monkeys
  A hound (D:5)
  2 jellies (D:5)
  Jessica (D:2)
  2 iguanas
  An orc wizard (D:5)
  11 adders
  A river rat (D:5)
  A white imp (D:6)
  2 worms (D:2)
  2 dart slugs
  8 orcs
  4 bats
  6 endoplasms
  9 giant cockroaches
  8 goblins
  A hobgoblin (D:1)
  3 jackals (Sewer)
  10 kobolds
  5 quokkas
  13 ball pythons
  6 frilled lizards
  9 rats
129 creatures vanquished.

Vanquished Creatures (others)
  2 fungi (D:2)
  A plant (D:6)
3 creatures vanquished.

Grand Total: 132 creatures vanquished

Notes
Turn   | Place    | Note
-------+----------+-------------------------------------------
     0 | D:1      | RepoMan the Mummy Gladiator began the quest for the Orb.
     0 | D:1      | Reached XP level 1. HP: 16/16 MP: 1/1
   159 | D:1      | Reached XP level 2. HP: 22/22 MP: 2/2
   167 | D:1      | Reached skill level 3 in Polearms
   739 | D:2      | Gained mutation: You are in touch with the powers of death.
                  | [Mummy growth]
   739 | D:2      | Reached XP level 3. HP: 23/27 MP: 3/3
   892 | D:2      | Noticed Jessica
   910 | D:2      | Killed Jessica
   911 | D:2      | Reached skill level 4 in Polearms
   911 | D:2      | Reached XP level 4. HP: 31/33 MP: 4/4
   963 | D:2      | Found a faded altar of an unknown god.
  1358 | D:2      | Found a runed translucent door.
  1359 | D:2      | Noticed Crazy Yiuf
  1842 | D:3      | Reached XP level 5. HP: 38/38 MP: 5/5
  2142 | D:4      | Noticed a phantom
  2159 | D:4      | Killed a phantom
  2160 | D:4      | Reached skill level 5 in Polearms
  2230 | D:4      | Noticed an ogre
  2240 | D:4      | Killed an ogre
  2241 | D:4      | Reached XP level 6. HP: 44/44 MP: 6/6
  2249 | D:4      | Found an iron altar of Okawaru.
  2287 | D:4      | Reached skill level 6 in Polearms
  2406 | D:4      | Reached XP level 7. HP: 50/50 MP: 7/7
  2616 | D:4      | Reached skill level 7 in Polearms
  3193 | D:5      | Entered Level 5 of the Dungeon
  3200 | D:5      | Found a blossoming altar of Fedhas.
  3216 | D:5      | Became a worshipper of Fedhas Madash
  3411 | D:5      | Found a glowing drain.
  3448 | Sewer    | Entered a sewer
  3452 | Sewer    | Reached * piety under Fedhas
  3760 | D:5      | Found an ancient bone altar of Kikubaaqudgha.
  3858 | D:5      | Found a staircase to the Ecumenical Temple.
  3876 | Temple   | Entered the Ecumenical Temple
  3913 | D:5      | Reached skill level 8 in Polearms
  4139 | D:6      | Found a bloodstained altar of Trog.
  4215 | D:6      | Reached XP level 8. HP: 54/56 MP: 8/8
  4978 | D:7      | Found a runed translucent door.
  4999 | D:7      | Reached skill level 9 in Polearms
  5010 | D:7      | Found a shimmering altar of Xom.
  5010 | D:7      | Noticed flt's ghost (novice DgTm)
  5010 | D:7      | Noticed a +1 scimitar of chaos
  5081 | D:7      | Reached ** piety under Fedhas
  5471 | D:7      | Reached XP level 9. HP: 25/66 MP: 9/9
  5645 | D:8      | Killed from afar by a steam dragon

Illustrated notes

Levels and vault maps discovered:
D:1:      lightli_arrival_isolated_outpost, layout_basic, minmay_unequal
D:2:      minmay_angry_zag, layout_rooms, hellmonk_ecumenical_altar_crossroads,
          uniq_jessica, uniq_crazy_yiuf_cottage
D:3:      layout_basic
D:4:      layout_basic, mainiacjoe_overflow_cross_hatched, zin_academy
D:5:      layout_loops_cross, fedhas_altar_3, kiku_gazebo_pond_becter,
          minmay_temple_entry_stoned_glass, portal_sewer_entry_a
D:6:      layout_rooms, mainiacjoe_overflow_paths, chequers_big_river
D:7:      layout_basic, ebering_ghost_xom, amcnicky_mini_rare_corridor_liquid
D:8:      layout_loops_corners, nicolae_dithmenos_the_darkroom, enter_bailey_7,
          serial_shops, shop, minmay_misc_feat_secret_circle
Temple:   nicolae_temple_slightly_damp_pantheon

Skill      XL: |  1  2  3  4  5  6  7  8 |
---------------+-------------------------+-----
Polearms       | 3 4 5 6 8 9 |  9.5
Fighting       | 4 |  4.7
Throwing       | |  1.5
Dodging        | |  2.4

Action                   |  1- 3 |  4- 6 |  7- 9 || total
-------------------------+-------+-------+-------++-------
Melee: Trident           |   111 |   125 |   210 ||   446
       Spear             |       |       |    32 ||    32
Throw: Stone             |     3 |    10 |    51 ||    64
       Throwing net      |     1 |     2 |     2 ||     5
       Javelin           |     1 |     1 |     1 ||     3
       Dart              |       |       |    17 ||    17
Evoke: Wand              |       |       |     1 ||     1
  Use: Scroll            |       |     1 |     8 ||     9
 Stab: Held in net/web   |       |       |     2 ||     2
Armor: Ring mail         |    31 |    26 |    43 ||   100
       Leather armour    |     2 |       |       ||     2
Dodge: Dodged            |    31 |    46 |    79 ||   156

Table legend: (Time is in decaauts)
 A = Elapsed time spent in this place.
 B = Non-inter-level travel time spent in this place.
 C = Inter-level travel time spent in this place.
 D = Time resting spent in this place.
 E = Time spent auto-exploring this place.
 F = Levels seen in this place.
 G = Mean time per level.
                   A        B        C        D        E       F      G
               +--------+--------+--------+--------+--------+-----+--------+
         Total |   5707 |   5471 |    236 |    427 |   3009 |  10 |  570.7 |
       Dungeon |   5373 |   5137 |    236 |    427 |   2974 |   8 |  671.6 |
        Temple |     13 |     13 |      0 |      0 |      0 |   1 |   13.0 |
         Sewer |    320 |    320 |      0 |      0 |     34 |   1 |  320.0 |
               +--------+--------+--------+--------+--------+-----+--------+

Top non-repeatable levels by time:
     D:4: 1137 daAuts
     D:7: 780 daAuts
     D:1: 747 daAuts
     D:2: 741 daAuts
     D:5: 659 daAuts
     D:6: 645 daAuts
     D:3: 587 daAuts
   Sewer: 320 daAuts
     D:8: 73 daAuts
  Temple: 13 daAuts
